 Dungeon Crawl Stone Soup version 0.28-a0-1002-gf00fe891ef (webtiles) character file.

Game seed: 7482370686569720404

14670 gimp the Destroyer (level 11, -13/74 HPs)
             Began as a Demigod Earth Elementalist on Dec 7, 2021.
             Mangled by a slime creature (15 damage)
             ... on level 11 of the Dungeon.
             The game lasted 00:22:46 (14329 turns).

gimp the Destroyer (Demigod Earth Elementalist)    Turns: 14329, Time: 00:22:47

Health: -13/74     AC:  6    Str:  9    XL:     11   Next: 61%
Magic:  9/27       EV: 15    Int: 37    God:
Gold:   768        SH:  5    Dex: 14    Spells: 14/26 levels left

rFire   + . .      SeeInvis .   a - +2 whip (venom)
rCold   . . .      Faith    .   I - +0 buckler
rNeg    . . .      Spirit   .   u - +2 robe {rF+}
rPois   +          Reflect  .   (no helmet)
rElec   .          Harm     .   (no cloak)
rCorr   .          Rampage  .   n - +0 pair of gloves of Reoroy {rPois Int+2}
Will    +....                   t - +0 pair of boots
Stlth   ++........              A - amulet of magic regeneration
HPRegen 0.22/turn               i - +6 ring of intelligence
MPRegen 0.60/turn               F - ring of poison resistance

@: no status effects
A: high mp 1, forlorn, divine attributes
a: no special abilities


You were on level 11 of the Dungeon.
You visited 1 branch of the dungeon, and saw 14 of its levels.

You collected 768 gold pieces.

Inventory:

Hand Weapons
 a - a +2 whip of venom (weapon)
 b - a +3 eveningstar of protection
Missiles
 c - 272 stones
 B - 43 poisoned darts
Armour
 g - a +2 chain mail of willpower
 n - the +0 pair of gloves of Reoroy (worn) {rPois Int+2}
   (You acquired it on level 9 of the Dungeon)

   Int:       It affects your intelligence (+2).
   rPois:     It protects you from poison.
 s - a +0 ring mail
 t - a +0 pair of boots (worn)
 u - a +2 robe of fire resistance (worn)
 y - the +0 cloak of the Prince of Darkness {rF+ rN+++ Will-}
   (You found it on level 7 of the Dungeon)

   rF:        It protects you from fire.
   rN:        It renders you almost immune to negative energy.
   Will:      It decreases your willpower.
 I - a +0 buckler (worn)
Jewellery
 i - a +6 ring of intelligence (left hand)
 v - a ring of resist corrosion
 A - an amulet of magic regeneration (around neck)
 F - a ring of poison resistance (right hand)
 J - a +6 ring of dexterity
Wands
 K - a wand of iceblast (2)
Scrolls
 d - 7 scrolls of magic mapping
 f - 3 scrolls of teleportation
 h - 6 scrolls of enchant armour {unknown}
 j - a scroll of brand weapon
 x - 6 scrolls of amnesia
 z - 3 scrolls of enchant weapon
 C - a scroll of immolation
 L - a scroll of identify
Potions
 e - 2 potions of might {unknown}
 k - 2 potions of berserk rage {unknown}
 l - 5 potions of curing {unknown}
 m - 4 potions of flight {unknown}
 o - 4 potions of heal wounds {unknown}
 q - a potion of ambrosia {unknown}
 r - 3 potions of mutation {unknown}
 w - a potion of invisibility {unknown}
 D - 3 potions of magic {unknown}
 E - a potion of degeneration {unknown}
 G - a potion of resistance {unknown}
 H - 4 potions of brilliance {unknown}


   Skills:
 + Level 6.3 Maces & Flails
 + Level 7.3 Dodging
 - Level 1.7 Stealth
 - Level 4.0 Shields
 - Level 8.0 Spellcasting
 - Level 8.0 Conjurations
 - Level 2.0 Transmutations
 + Level 6.6 Fire Magic
 - Level 6.0 Earth Magic


You had 14 spell levels left.
You knew the following spells:

 Your Spells              Type           Power      Damage    Failure   Level
a - Stone Arrow           Conj/Erth      100%       3d13      1%          3
b - Sandblast             Erth           100%       2d20      1%          1
c - Fireball              Conj/Fire      31%        3d13      3%          5
d - Mephitic Cloud        Conj/Pois/Air  34%        N/A       2%          3

Your spell library contained the following spells:

 Spells                   Type           Power      Damage    Failure   Level
 Magic Dart               Conj           100%       1d8       1%          1
 Passwall                 Tmut/Erth      36%        N/A       1%          2
 Searing Ray              Conj           100%       2d8       1%          2
 Slow                     Hex            56%        N/A       2%          1
 Iskenderun's Battlesphe  Conj           65%        2d11      2%          5
 Call Imp                 Summ           14%        N/A       4%          2
 Corpse Rot               Necr/Air       28%        N/A       4%          2
 Fulminant Prism          Conj/Hex       22%        3d13      4%          4
 Petrify                  Tmut/Erth      44%        N/A       4%          4
 Confusing Touch          Hex            14%        N/A       8%          3
 Vampiric Draining        Necr           14%        2d7       8%          3
 Iron Shot                Conj/Erth      30%        9d6       22%         6
 Animate Dead             Necr           7%         N/A       26%         4
 Dispel Undead            Necr           14%        3d10      26%         4
 Conjure Ball Lightning   Conj/Air       22%        3x3d6     61%         6
 Orb of Destruction       Conj           32%        9d12      63%         7
 Death Channel            Necr           7%         N/A       99%         6
 Dispersal                Tloc           7%         N/A       99%         6
 Disjunction              Tloc           7%         N/A       100%        8


Dungeon Overview and Level Annotations

Branches:
Dungeon (14/15)            Temple (0/1) D:6            Lair (0/6) D:8
    Orc (0/2) D:11
 Vaults: D:13-14

Annotations:
D:5 3 runed translucent doors, horus123's ghost, novice DECj
D:13 exclusion: ice statue
D:14 Jorgrun; Nessos


Innate Abilities, Weirdness & Mutations

You have an increased reservoir of magic. (+10% MP)
You shall have no god before yourself.
Your divine heritage dramatically boosts your attributes as you level up.


Message History

The stone arrow hits the troll!!
You kill the troll!
The troll bites you! You block the troll's attack. The troll claws you.
You take 17 damage, and have 57/74 hp.
MASSIVE DAMAGE!!
You now have 15/27 mp.
The stone arrow hits the troll!!
The troll is severely wounded.
The deep troll shouts!
You hear a bellow!
The troll barely misses you. The troll claws you but does no damage.
The troll barely misses you.
You now have 12/27 mp.
The stone arrow hits the troll!!
You kill the troll!
You now have 10/27 mp.
You see here a yak corpse.
There is a stone staircase leading up here.
The stone arrow misses the troll.
You now have 12/27 mp.
The stone arrow misses the slime creature.
The troll bites you. The troll claws you.
The troll claws you but does no damage. The slime creature hits you!
You take 22 damage, and have 38/74 hp.
MASSIVE DAMAGE!!
You now have 9/27 mp.
The stone arrow hits the slime creature!!
The slime creature is moderately wounded.
The troll bites you. The troll barely misses you. The troll misses you.
The slime creature closely misses you.
You take 6 damage, and have 32/74 hp.
You now have 7/27 mp.
The troll closely misses you. The troll barely misses you.
The troll misses you. The slime creature hits you!
* * * LOW HITPOINT WARNING * * *
The troll bites you!
* * * LOW HITPOINT WARNING * * *
The troll misses you. The troll completely misses you.
You climb upwards.
There is a stone staircase leading down here.
You take 25 damage, and have 7/74 hp.
MASSIVE DAMAGE!!
The troll bites you.
* * * LOW HITPOINT WARNING * * *
The troll misses you. The troll closely misses you.
The slime creature hits you!
You die...

#.###.#.........^# #.... #.#
##.#.#######.# #.##. #.# ##.##
#.#########.##. ###.# ###
#.##........##. #...#
#.##.#########. #.### ###.##.#
#. #.# ############.#.##.# ####
#.# #...........#.....#######...
#.# #)######..T@.#..............
#.# #.# #..JT.#..............
#.# #.# #.....###..######..=.
#.# #.# #.....##..########...
#.# #.# #.....#.............#
#.###.# ###..#.#..########.##
#.....########.#.##..###......).
#####...>.....#..........####.##
##.########.####..###.## #.#.


You could see a slime creature and 2 trolls.

Vanquished Creatures
  A hydra (D:11)
  Erolcha (D:10)
  A centaur warrior (D:14)
  4 two-headed ogres
  Nergalle (D:10)
  A deep troll (D:12)
  An ugly thing (D:12)
  A cyclops (D:10)
  4 slime creatures (D:12)
  2 komodo dragons (D:8)
  8 trolls
  Grinder (D:6)
  2 meliai zombies (D:11)
  4 yaks
  3 wyverns
  Eustachio (D:4)
  Grum (D:9)
  An acid dragon (D:10)
  A water moccasin (D:8)
  2 ice beasts
  5 orc warriors
  2 black bears (D:7)
  A sky beast (D:7)
  A swamp drake (D:8)
  3 wolves (D:9)
  2 necrophages
  2 ogres (D:6)
  3 centaurs
  2 phantoms (D:5)
  Blork the orc (D:4)
  2 bullfrogs
  A wyvern zombie (D:5)
  2 gnoll sergeants
  2 scorpions
  4 electric eels (D:12)
  A howler monkey (D:12)
  A centaur zombie (D:6)
  A hound (D:5)
  2 centaur skeletons
  9 orc priests
  2 iguanas
  8 orc wizards
  2 hound skeletons
  3 howler monkey zombies
  7 adders
  11 gnolls
  An ufetubus (D:6)
  A worm (D:3)
  3 dart slugs
  31 orcs
  3 bats
  8 endoplasms
  4 giant cockroaches
  3 goblins
  A hobgoblin (D:4)
  6 jackals
  6 kobolds
  6 quokkas
  6 ball pythons
  A frilled lizard (D:3)
  8 rats
  A bush (D:10)
210 creatures vanquished.

Vanquished Creatures (others)
  4 fungi
  6 toadstools (D:4)
10 creatures vanquished.

Grand Total: 220 creatures vanquished

Notes
Turn   | Place    | Note
-------+----------+-------------------------------------------
     0 | D:1      | gimp the Demigod Earth Elementalist began the quest for the
                  | Orb.
     0 | D:1      | Reached XP level 1. HP: 14/14 MP: 5/5
   106 | D:1      | Reached skill level 1 in Transmutations
   396 | D:1      | Reached XP level 2. HP: 20/20 MP: 5/7
   870 | D:2      | Reached XP level 3. HP: 26/26 MP: 5/8
  1630 | D:3      | Reached XP level 4. HP: 33/33 MP: 8/10
  2073 | D:3      | Learned a level 3 spell: Stone Arrow
  3268 | D:4      | Reached skill level 1 in Conjurations
  3268 | D:4      | Reached XP level 5. HP: 32/38 MP: 12/12
  3427 | D:4      | Noticed Blork the orc
  3438 | D:4      | Killed Blork the orc
  3717 | D:4      | Noticed Eustachio
  3739 | D:4      | Killed Eustachio
  3740 | D:4      | Reached skill level 5 in Earth Magic
  3740 | D:4      | Reached XP level 6. HP: 25/45 MP: 14/14
  4037 | D:5      | Entered Level 5 of the Dungeon
  4254 | D:5      | Reached XP level 7. HP: 39/50 MP: 15/15
  5084 | D:5      | Found a runed translucent gate.
  5085 | D:5      | Found a runed translucent gate.
  5085 | D:5      | Noticed horus123's ghost (novice DECj)
  5086 | D:5      | Found a runed translucent gate.
  5706 | D:6      | Noticed Grinder
  5710 | D:6      | Killed Grinder
  5711 | D:6      | Reached skill level 5 in Spellcasting
  5711 | D:6      | Reached XP level 8. HP: 57/57 MP: 9/19
  5907 | D:6      | Found a staircase to the Ecumenical Temple.
  6101 | D:7      | Reached skill level 5 in Conjurations
  6904 | D:7      | Identified the +0 cloak of the Prince of Darkness {rF+
                  | rN+++ Will-}
  7010 | D:8      | Noticed a two-headed ogre
  7014 | D:8      | Killed a two-headed ogre
  7015 | D:8      | Reached XP level 9. HP: 49/62 MP: 11/23
  7606 | D:8      | Identified the amulet of Juizxeir {Faith Will- Str+9 Int+4}
  7682 | D:8      | Noticed a komodo dragon
  7684 | D:8      | Killed a komodo dragon
  7709 | D:8      | Found a staircase to the Lair.
  7714 | D:8      | Noticed a komodo dragon
  7715 | D:8      | Reached skill level 1 in Shields
  7720 | D:8      | Killed a komodo dragon
  8054 | D:8      | Identified the +0 robe "Hogihom" {+Blink Will- rCorr Str+2}
  8138 | D:9      | Noticed Grum
  8398 | D:9      | Identified 2 scrolls of acquirement
  8398 | D:9      | Acquired the +0 pair of gloves of Reoroy {rPois Int+2}
  8405 | D:9      | Acquired Sif Muna's Catalogue of Black Rituals and Attacks
  8413 | D:9      | Learned a level 5 spell: Fireball
  8417 | D:9      | Learned a level 3 spell: Mephitic Cloud
  8614 | D:9      | Noticed a two-headed ogre
  8643 | D:9      | Killed a two-headed ogre
  8644 | D:9      | Reached skill level 1 in Fire Magic
  8644 | D:9      | Reached XP level 10. HP: 18/69 MP: 15/26
  8644 | D:9      | Killed Grum
  9732 | D:10     | Entered Level 10 of the Dungeon
  9784 | D:10     | Reached skill level 1 in Maces & Flails
 10238 | D:10     | Noticed a cyclops
 10244 | D:10     | Killed a cyclops
 10680 | D:10     | Noticed Erolcha
 10684 | D:10     | Killed Erolcha
 10904 | D:10     | Reached skill level 5 in Dodging
 11072 | D:11     | Noticed Nergalle
 11089 | D:10     | Killed Nergalle
 11340 | D:11     | You fall into a shaft and drop 3 floors!
 11351 | D:14     | Noticed Nessos
 11374 | D:14     | Noticed a centaur warrior
 11380 | D:14     | Killed a centaur warrior
 11615 | D:14     | Noticed Jorgrun
 11626 | D:13     | Noticed an ice statue
 12375 | D:12     | Noticed a two-headed ogre
 12385 | D:12     | Killed a two-headed ogre
 12386 | D:12     | Reached XP level 11. HP: 74/74 MP: 4/27
 12466 | D:12     | Reached skill level 5 in Fire Magic
 12648 | D:11     | Found a staircase to the Orcish Mines.
 12820 | D:11     | Noticed a four-headed hydra
 12826 | D:11     | Killed a four-headed hydra
 12994 | D:11     | Noticed a two-headed ogre
 12999 | D:11     | Killed a two-headed ogre
 13000 | D:11     | Reached skill level 5 in Maces & Flails
 14144 | D:12     | Noticed a deep elf pyromancer
 14223 | D:12     | Noticed a deep troll
 14240 | D:12     | Killed a deep troll
 14309 | D:12     | Noticed a deep troll
 14329 | D:11     | HP: 2/74 [troll (5)]
 14329 | D:11     | Mangled by a slime creature

Illustrated notes

Levels and vault maps discovered:
D:1:      minmay_arrival_doors, layout_basic, basic_ecumenical_altar
D:2:      layout_basic
D:3:      layout_basic
D:4:      layout_rooms, grunt_gozag_statues, minmay_gold_behind_fungi,
          hangedman_abyss_or_decor_stabs, uniq_blork_the_orc, uniq_eustachio
D:5:      layout_basic, ebering_ghost_rock_garden, hex_large,
          minmay_misc_feat_nine_boxes
D:6:      layout_basic, amcnicky_altar_gilded, minmay_temple_entry_offerings,
          corner_web_ring, chequers_serial_rivers_micro_c, chequers_arboretum,
          uniq_grinder
D:7:      layout_gridville, amcnicky_mini_rare_corridor_liquid
D:8:      layout_rooms, mainiacjoe_overflow_cross_hatched, erik_lair_dragon,
          hangedman_abyss_or_decor_jellyfish_corner
D:9:      layout_layer_cave, grunt_dithmenos_smoke_and_mirrors, uniq_grum
D:10:     layout_small_grid, kb_lookout_dungeons_type, uniq_erolcha
D:11:     layout_loops_ring, orc_0_dummy, nicolae_elyvilon_peaceful_grove,
          uniq_nergalle
D:12:     lemuel_troll_bridge, layout_cave_pods
D:13:     layout_long_grid, enter_trove_1, serial_shops, statue_bzr
D:14:     layout_layer_cave, skrybe_vaults_entry_preservation,
          minmay_misc_feat_columns, serial_shops, shop, uniq_jorgrun,
          uniq_nessos

Skill      XL: |  1  2  3  4  5  6  7  8  9 10 11 |
---------------+----------------------------------+-----
Transmutations | 1 2 |  2.0
Earth Magic    | 3 4 5 6 |  6.0
Spellcasting   | 2 3 5 7 8 |  8.0
Conjurations   | 1 2 4 6 8 |  8.0
Dodging        | 3 5 7 |  7.3
Shields        | 3 4 |  4.0
Fire Magic     | 1 4 6 |  6.6
Maces & Flails | 4 6 |  6.3
Stealth        | |  1.7

Action                   |  1- 3 |  4- 6 |  7- 9 | 10-12 || total
-------------------------+-------+-------+-------+-------++-------
Melee: Short sword       |     6 |       |       |       ||     6
       Whip              |       |    49 |    19 |    25 ||    93
 Cast: Sandblast         |    46 |    64 |    26 |       ||   136
       Stone Arrow       |       |       |    95 |   169 ||   264
       Mephitic Cloud    |       |       |     1 |     3 ||     4
       Fireball          |       |       |       |     2 ||     2
Evoke: Wand              |       |       |     2 |       ||     2
  Use: Scroll            |       |       |    10 |     6 ||    16
 Stab: Confused          |       |       |       |     1 ||     1
Armor: Robe              |     5 |    17 |    12 |    13 ||    47
       Ring mail         |       |    13 |       |       ||    13
Dodge: Dodged            |    11 |    63 |    42 |    41 ||   157
Block: Buckler           |       |       |     1 |    15 ||    16

Table legend: (Time is in decaauts)
 A = Elapsed time spent in this place.
 B = Non-inter-level travel time spent in this place.
 C = Inter-level travel time spent in this place.
 D = Time resting spent in this place.
 E = Time spent auto-exploring this place.
 F = Levels seen in this place.
 G = Mean time per level.
                   A        B        C        D        E       F      G
               +--------+--------+--------+--------+--------+-----+--------+
         Total |  14337 |  13907 |    430 |   2108 |   9790 |  14 | 1024.1 |
       Dungeon |  14337 |  13907 |    430 |   2108 |   9790 |  14 | 1024.1 |
               +--------+--------+--------+--------+--------+-----+--------+

Top non-repeatable levels by time:
    D:10: 1517 daAuts
     D:3: 1506 daAuts
     D:9: 1493 daAuts
     D:5: 1295 daAuts
     D:8: 1228 daAuts
    D:12: 1086 daAuts
     D:4: 1001 daAuts
    D:11: 969 daAuts
     D:6: 874 daAuts
     D:7: 806 daAuts
     D:2: 798 daAuts
    D:13: 742 daAuts
     D:1: 732 daAuts
    D:14: 284 daAuts
